 Dungeon Crawl Stone Soup version 0.24-a0-458-gfcb5e6da0e (webtiles) character file.

Game seed: 15234999790952225585

28968 Krouwed the Black Sun (level 13, -13/88 HPs)
             Began as a Demonspawn Necromancer on June 27, 2019.
             Was a High Priest of Kikubaaqudgha.
             Mangled by Rupert
             ... wielding a +1 battleaxe of electrocution
              (38 damage)
             ... on level 4 of the Lair of Beasts.
             The game lasted 01:23:57 (18997 turns).

Krouwed the Black Sun (Demonspawn Necromancer)     Turns: 18997, Time: 01:23:58

Health: -13/88     AC: 18    Str: 11    XL:     13   Next: 12%
Magic:  3/25       EV: 10    Int: 22    God:    Kikubaaqudgha [*****.]
Gold:   814        SH:  7    Dex: 18    Spells: 2/29 levels left

rFire    + . .     SeeInvis .   b - +1 dagger (venom)
rCold    . . .     Gourm    .   Y - +2 buckler
rNeg     + . .     Faith    .   A - +5 ring mail of Kupsin {rElec rN+ Int+3 Dex+4}
rPois    .         Spirit   .   (helmet restricted)
rElec    +         Reflect  .   C - +1 cloak
rCorr    .         Harm     .   e - +2 pair of gloves
MR       +....                  B - +0 pair of boots
Stlth    +.........             (no amulet)
HPRegen  0.24/turn              V - ring of protection from magic
MPRegen  0.19/turn              I - ring of Cebuulal {rElec rF+}

@: very slightly contaminated
A: antennae 1, talons 1, molten scales 1, frail 1, spiny 3, rot immunity
a: Receive Corpses, Torment, Renounce Religion


You were on level 4 of the Lair of Beasts.
You worshipped Kikubaaqudgha.
Kikubaaqudgha was extremely pleased with you.
You were very hungry.

You visited 3 branches of the dungeon, and saw 16 of its levels.
You also visited: Volcano.

You collected 814 gold pieces.

Inventory:

Hand Weapons
 a - a +2 scimitar of flaming
 b - a +1 dagger of venom (weapon)
 U - the +5 hunting sling of Mana {speed, rElec rPois Str-3}
   (You found it on level 11 of the Dungeon)

   Attacks with this weapon are significantly faster.
   It affects your strength (-3).
   It insulates you from electricity.
   It protects you from poison.
Missiles
 l - 6 silver boomerangs
 J - 19 poisoned darts (quivered)
 N - 2 throwing nets
Armour
 e - a +2 pair of gloves (worn)
 j - a scarf of cloud immunity
 A - the +5 ring mail of Kupsin (worn) {rElec rN+ Int+3 Dex+4}
   (You found it on level 3 of the Lair of Beasts)

   It affects your intelligence (+3).
   It affects your dexterity (+4).
   It insulates you from electricity.
   It protects you from negative energy.
 B - a +0 pair of boots (worn)
 C - a +1 cloak (worn)
 R - the +1 helmet of Septaori {rF+ Dex-5 Slay+5 Stlth-}
   (You found it on level 1 of the Lair of Beasts)

   It affects your dexterity (-5).
   It affects your accuracy and damage with ranged weapons and melee attacks
   (+5).
   It protects you from fire.
   It makes you less stealthy.
 T - the +1 leather armour of Raiguch {rC++ MR+}
   (You found it on level 9 of the Dungeon)

   It greatly protects you from cold.
   It affects your resistance to hostile enchantments.
 Y - a +2 buckler (worn)
Jewellery
 m - an uncursed ring of resist corrosion
 I - the ring of Cebuulal (right hand) {rElec rF+}
   (You found it on level 11 of the Dungeon)

   [ring of protection from fire]

   It protects you from fire.
   It insulates you from electricity.
 L - a cursed ring of attention {unknown}
 V - a ring of protection from magic (left hand)
Wands
 t - a wand of flame (17)
 u - a wand of iceblast (20)
 y - a wand of acid (19)
 H - a wand of digging (5)
 M - a wand of polymorph (12)
 O - a wand of paralysis (25)
 S - a wand of random effects (23)
Scrolls
 d - a scroll of acquirement {unknown}
 f - 3 scrolls of blinking
 g - 4 scrolls of teleportation
 h - a scroll of fear {unknown}
 i - 3 scrolls of magic mapping
 p - 3 scrolls of fog
 r - 5 scrolls of remove curse
 D - a scroll of summoning {unknown}
 E - 2 scrolls of enchant weapon {unknown}
 G - 3 scrolls of immolation {unknown}
 P - 2 scrolls of amnesia
 Q - a scroll of vulnerability {unknown}
 W - a scroll of holy word {unknown}
Potions
 k - 3 potions of cancellation
 n - 2 potions of flight
 o - a potion of ambrosia
 q - 5 potions of curing
 s - 2 potions of haste
 w - 5 potions of brilliance
 x - a potion of magic
 z - a potion of might
 F - 7 potions of lignification
 K - 2 potions of heal wounds
 Z - 3 potions of berserk rage
Miscellaneous
 v - a box of beasts
Comestibles
 c - 19 rations
 X - 4 chunks of flesh


   Skills:
 - Level 7.7 Fighting
 - Level 7.0 Short Blades
 + Level 1.1 Armour
 - Level 1.7 Dodging
 - Level 1.7 Stealth
 + Level 2.4 Shields
 + Level 8.9 Spellcasting
 - Level 13.2 Necromancy
 + Level 6.2 Ice Magic
 - Level 9.5 Earth Magic


You had 2 spell levels left.
You knew the following spells:

 Your Spells              Type           Power        Failure   Level  Hunger
a - Pain                  Necr           ####         1%          1    None
b - Animate Skeleton      Necr           N/A          1%          1    None
c - Vampiric Draining     Necr           ######....   1%          3    None
d - Animate Dead          Necr           N/A          1%          4    ##.....
e - Corpse Rot            Necr           N/A          1%          2    None
f - Dispel Undead         Necr           ######..     2%          5    #####..
g - Borgnjor's Vile Clut  Necr/Erth      ######....   4%          5    #####..
h - Simulacrum            Ice/Necr       ######....   47%         6    ######.

Your spell library contained the following spells:

 Spells                   Type           Power        Failure   Level  Hunger
 Sublimation of Blood     Necr           ######....   1%          2    None
 Apportation              Tloc           #.....       21%         1    None
 Confusing Touch          Hex            #.....       21%         1    None
 Infusion                 Chrm           #...         21%         1    None
 Summon Small Mammal      Summ           #...         21%         1    None
 Shroud of Golubria       Chrm/Tloc      #.....       30%         2    None
 Song of Slaying          Chrm           #.......     30%         2    None
 Agony                    Necr           ######..     2%          5    #####..
 Regeneration             Chrm/Necr      #####.....   3%          3    None
 Bolt of Draining         Conj/Necr      #####.....   34%         5    #####..
 Spectral Weapon          Hex/Chrm       #.......     52%         3    None
 Malign Gateway           Summ/Tloc      #.........   100%        7    #######
 Monstrous Menagerie      Summ           #.........   100%        7    #######
 Summon Greater Demon     Summ           #.........   100%        7    #######
 Summon Horrible Things   Summ           #.........   100%        8    #######


Dungeon Overview and Level Annotations

Branches:
Dungeon (11/15)            Temple (1/1) D:4            Lair (4/6) D:11
    Orc (0/2) D:10
  Swamp: Lair:2-4    Shoals: Lair:2-4     Snake: Lair:2-4    Spider: Lair:2-4

Altars:
Ashenzari
Cheibriados
Dithmenos
Elyvilon
Fedhas
Gozag
Hepliaklqana
Kikubaaqudgha
Makhleb
Nemelex Xobeh
Okawaru
Qazlal
Ru
Sif Muna
Trog
Uskayaw
Vehumet
Wu Jian
Xom
Yredelemnul
Zin
The Shining One

Shops:
D:7 (

Portals:
Trove: D:10 (show abyssal rune of Zot)

Annotations:
D:6 2 transporters, PeterQ's ghost, novice GnAs
Lair:3 exclusion: oklob plant
Lair:4 Rupert


Innate Abilities, Weirdness & Mutations

You have sharp toenails.
You are partially covered in molten scales. (AC +2)
You are completely covered in sharp spines.
You are immune to rotting.
You have a pair of small antennae on your head.
You are frail. (-10% HP)


Message History

Aiming: Corrosive Bolt
Press: ? - help, Shift-Dir - straight line, f/p - Rupert
Aim: Rupert, wielding a +1 battleaxe of electrocution and wearing a +0 leather armour (severely wounded, berserk, fast, unusually strong, covered in acid)
The bolt of acid hits Rupert!
Rupert is splashed with acid.
Rupert is almost dead.
You are feeling very hungry.
Rupert is struck by your spines.
Rupert hits you with a +1 battleaxe of electrocution!!
* * * LOW HITPOINT WARNING * * *
That item cannot be evoked!
Evoke which item? (* to show all) (? for menu, Esc to quit)
Aiming: Corrosive Bolt
Press: ? - help, Shift-Dir - straight line, f/p - Rupert
Aim: Rupert, wielding a +1 battleaxe of electrocution and wearing a +0 leather armour (almost dead, berserk, fast, unusually strong, covered in acid)
The bolt of acid hits Rupert!
Rupert is splashed with acid.
Rupert seems to be corroded for longer.
Rupert is almost dead.
Rupert hits you with a +1 battleaxe of electrocution!!!
You die...
Kikubaaqudgha rasps: "You have failed me!
Welcome... death!"

#...## ##.... . ##...#
##%.... ..##....# ......
........# ## ##...P
........♣♣#≈# #.....
#####....♣≈≈##
##.....######.#.....≈≈P#
.........##.#.#.....≈≈P≈#
.......@@...........≈≈P≈#
....................PP≈♣#
..!................P≈♣≈#
...................≈PP##
##......###.###...≈≈###
#.......#..# #..####
#.......#.... #..#
##......#....##...


You could see Rupert (berserk).

Vanquished Creatures
  4 hydras
  2 two-headed ogres
  Erica (D:10)
  An unseen horror (D:11)
  A wizard (D:11)
  An oklob plant (Lair:3)
  An ugly thing (D:11)
  2 cyclopes (D:11)
  A manticore (D:11)
  6 spiny frogs
  A gargoyle (D:10)
  A komodo dragon (Lair:1)
  A tengu conjurer (D:11)
  A troll (D:11)
  A queen bee (Lair:2)
  A polar bear (Lair:2)
  6 blink frogs
  Grinder (D:3)
  A hornet (D:9)
  5 hippogriffs
  A vampire (D:11)
  3 wyverns
  A spriggan (Lair:2)
  2 wraiths (D:11)
  A shadow (D:11)
  A basilisk (Lair:2)
  A fire bat (Volcano)
  16 yaks
  4 hungry ghosts
  A hell hound (Lair:1)
  3 water moccasins
  A floating eye (Lair:3)
  3 porcupines
  3 black bears
  2 ice beasts
  2 sky beasts
  4 orc warriors
  2 phantoms
  8 ogres
  An eye of draining (D:10)
  2 wolves (Lair:4)
  2 centaurs
  2 big kobolds
  6 crocodiles
  12 bullfrogs
  A gnoll sergeant (D:11)
  3 troll zombies (D:10)
  A wyvern skeleton (D:9)
  3 scorpions
  34 killer bees
  5 howler monkeys
  5 crimson imps
  2 bullfrog zombies
  2 quasits
  6 orc wizards
  4 centaur skeletons
  5 orc priests
  A gnoll shaman (D:6)
  7 hounds
  A jelly (D:7)
  2 iguanas
  Natasha (thrice) (D:3)
  9 worker ants
  3 ogre zombies (D:10)
  2 hound skeletons
  Robin (D:3)
  A worker ant zombie (D:5)
  13 adders
  8 gnolls
  A howler monkey skeleton (D:11)
  A river rat (Lair:2)
  5 shadow imps
  An adder skeleton (D:4)
  2 worms
  A dart slug (D:1)
  9 leopard geckos
  22 orcs
  A ball python (D:4)
  5 giant cockroaches
  9 goblins
  5 hobgoblins
  18 jackals
  15 kobolds
  3 quokkas
  8 bats
  3 frilled lizards
  A goblin skeleton (D:10)
  3 goblin zombies (D:10)
  3 hobgoblin skeletons (D:10)
  2 hobgoblin zombies (D:10)
  2 leopard gecko skeletons
  An orc skeleton (D:10)
  7 orc zombies (D:10)
  A quokka skeleton (D:5)
  4 rats
  A plant (Lair:2)
379 creatures vanquished.

Vanquished Creatures (collateral kills)
  2 oklob plants (Lair:3)
  A deep elf mage (D:11)
  A black mamba (Lair:2)
  2 spiny frogs
  6 blink frogs
  2 hippogriffs (Lair:2)
  4 yaks
  A basilisk (Lair:2)
  2 hungry ghosts
  3 water moccasins
  A hell hound (Lair:1)
  An orc warrior (D:11)
  A sky beast (D:8)
  An ogre (D:8)
  3 wolves
  A phantom (D:4)
  4 crocodiles (Lair:2)
  A bullfrog (Lair:2)
  9 killer bees
  A howler monkey (D:8)
  A crimson imp (D:11)
  A worker ant (D:11)
  An orc wizard (D:4)
  A gnoll (D:6)
  An orc (D:8)
  A giant cockroach (D:4)
  4 goblins (D:3)
  A hobgoblin (D:1)
  3 jackals
  A goblin zombie (D:10)
  A kobold (D:2)
  An orc skeleton (D:10)
  A rat (D:1)
  2 plants (Lair:3)
67 creatures vanquished.

Vanquished Creatures (others)
  3 fungi (Lair:2)
  5 plants
8 creatures vanquished.

Grand Total: 454 creatures vanquished

Notes
Turn   | Place    | Note
-------+----------+-------------------------------------------
     0 | D:1      | Krouwed the Demonspawn Necromancer began the quest for the
                  | Orb.
     0 | D:1      | Reached XP level 1. HP: 13/13 MP: 3/3
    76 | D:1      | Learned a level 1 spell: Animate Skeleton
   181 | D:1      | Gained mutation: You are partially covered in sharp spines.
                  | [demonic ancestry]
   181 | D:1      | Reached XP level 2. HP: 4/19 MP: 0/5
   690 | D:1      | Reached skill level 5 in Necromancy
  1251 | D:1      | Reached XP level 3. HP: 24/24 MP: 6/6
  2036 | D:3      | Noticed Robin
  2114 | D:2      | Learned a level 3 spell: Vampiric Draining
  2243 | D:3      | Killed Robin
  2243 | D:3      | Reached XP level 4. HP: 23/30 MP: 8/8
  2259 | D:3      | Found a hazy altar of Hepliaklqana.
  2259 | D:3      | Found a basalt altar of Yredelemnul.
  2259 | D:3      | Found a burning altar of Makhleb.
  2266 | D:3      | Noticed Natasha
  2274 | D:3      | Killed Natasha
  2275 | D:3      | Reached skill level 6 in Necromancy
  2377 | D:3      | Noticed Natasha
  2382 | D:3      | Killed Natasha
  2387 | D:3      | Reached XP level 5. HP: 28/35 MP: 7/9
  2598 | D:3      | Found a glowing silver altar of Zin.
  2598 | D:3      | Noticed Natasha
  2606 | D:3      | Killed Natasha
  2619 | D:3      | Found an opulent altar of Gozag.
  2730 | D:3      | Noticed Grinder
  3089 | D:4      | Reached skill level 7 in Necromancy
  3095 | D:4      | Learned a level 4 spell: Animate Dead
  3138 | D:4      | Reached XP level 6. HP: 22/41 MP: 11/11
  3317 | D:4      | Found a white marble altar of Elyvilon.
  3398 | D:4      | Found an ornate altar of the Wu Jian Council.
  3558 | D:4      | Found a staircase to the Ecumenical Temple.
  3628 | Temple   | Entered the Ecumenical Temple
  3811 | Temple   | Became a worshipper of Kikubaaqudgha
  4162 | D:4      | Reached skill level 8 in Necromancy
  4162 | D:4      | Gained mutation: You are partially covered in molten
                  | scales. (AC +2) [demonic ancestry]
  4162 | D:4      | Reached XP level 7. HP: 42/46 MP: 3/13
  4272 | D:5      | Entered Level 5 of the Dungeon
  4668 | D:4      | Reached skill level 9 in Necromancy
  4898 | D:3      | Killed Grinder
  4898 | D:3      | Reached skill level 1 in Fighting
  4898 | D:3      | Reached skill level 1 in Short Blades
  4898 | D:3      | Reached skill level 5 in Spellcasting
  4898 | D:3      | Reached XP level 8. HP: 12/54 MP: 15/15
  5598 | D:5      | Reached * piety under Kikubaaqudgha
  5598 | D:5      | Identified Kikubaaqudgha's Incunabulum of Black Arts
                  | (Kikubaaqudgha gifted it to you on level 5 of the Dungeon)
  5598 | D:5      | Received a gift from Kikubaaqudgha
  5612 | D:5      | Learned a level 2 spell: Corpse Rot
  6063 | D:6      | Found a hide-covered altar of Uskayaw.
  6074 | D:6      | Reached skill level 10 in Necromancy
  6371 | D:6      | Found a sacrificial altar of Ru.
  6758 | D:6      | Gained mutation: You are mostly covered in sharp spines.
                  | [demonic ancestry]
  6758 | D:6      | Reached XP level 9. HP: 51/64 MP: 17/17
  6819 | D:6      | Noticed PeterQ's ghost (novice GnAs)
  6832 | D:6      | Found a transporter.
  6836 | D:6      | Found a transporter.
  7028 | D:7      | Reached ** piety under Kikubaaqudgha
  7627 | D:7      | Reached skill level 11 in Necromancy
  7691 | D:7      | Found a sparkling altar of Nemelex Xobeh.
  7901 | D:7      | Found Fuakic's Weapon Shoppe.
  7950 | D:8      | Noticed a two-headed ogre
  7966 | D:8      | Killed a two-headed ogre
  8184 | D:8      | Reached XP level 10. HP: 62/73 MP: 20/20
  8185 | D:8      | Reached skill level 5 in Fighting
  8422 | D:8      | Reached skill level 12 in Necromancy
  9071 | D:9      | Reached *** piety under Kikubaaqudgha
  9071 | D:9      | Identified Kikubaaqudgha's Incunabulum of Necromancy
                  | (Kikubaaqudgha gifted it to you on level 9 of the Dungeon)
  9071 | D:9      | Received a gift from Kikubaaqudgha
  9071 | D:9      | Reached skill level 5 in Short Blades
  9080 | D:9      | Learned a level 5 spell: Dispel Undead
  9086 | D:9      | Learned a level 5 spell: Borgnjor's Vile Clutch
  9244 | D:9      | Reached skill level 1 in Earth Magic
  9284 | D:9      | Got a brightly glowing leather armour
  9295 | D:9      | Identified the +1 leather armour of Raiguch {rC++ MR+} (You
                  | found it on level 9 of the Dungeon)
  9389 | D:10     | Entered Level 10 of the Dungeon
  9553 | D:10     | Found a staircase to the Orcish Mines.
  9749 | D:10     | Found a portal to a secret trove of treasure.
  9955 | D:10     | Reached **** piety under Kikubaaqudgha
 10110 | D:10     | Noticed Erica
 10114 | D:10     | Reached skill level 5 in Earth Magic
 10134 | D:10     | Killed Erica
 10382 | D:10     | Noticed a gargoyle
 10397 | D:10     | Killed a gargoyle
 10946 | D:11     | Got a slimy copper ring
 10948 | D:11     | Identified the ring of Cebuulal {rElec rF+} (You found it
                  | on level 11 of the Dungeon)
 10967 | D:11     | Gained mutation: You are completely covered in sharp
                  | spines. [demonic ancestry]
 10967 | D:11     | Reached XP level 11. HP: 73/80 MP: 21/21
 10971 | D:11     | Noticed a five-headed hydra
 10972 | D:11     | Found a staircase to the Lair.
 11815 | D:11     | Noticed a wizard
 11828 | D:11     | Noticed a purple ugly thing
 11835 | D:11     | Killed a purple ugly thing
 12118 | D:10     | Found a staircase to the Orcish Mines.
 12255 | D:10     | Killed a five-headed hydra
 12316 | D:10     | Found a portal to a secret trove of treasure.
 13039 | D:11     | Killed an unseen horror
 13326 | D:11     | Noticed a two-headed ogre
 13341 | D:11     | Killed a two-headed ogre
 13627 | D:11     | Found a white marble altar of Elyvilon.
 13906 | D:11     | Killed a wizard
 13923 | D:11     | Noticed a deep elf mage
 13937 | D:11     | Killed a deep elf mage
 13946 | D:11     | Noticed an eight-headed hydra
 13958 | D:11     | Killed an eight-headed hydra
 14138 | D:11     | Got a bloodstained hunting sling
 14140 | D:11     | Identified the +5 hunting sling of Mana {speed, rElec rPois
                  | Str-3} (You found it on level 11 of the Dungeon)
 14227 | Lair:1   | Entered Level 1 of the Lair of Beasts
 14300 | Lair:1   | Gained mutation: You have sharp toenails. [demonic
                  | ancestry]
 14300 | Lair:1   | Reached XP level 12. HP: 41/89 MP: 15/24
 14473 | Lair:1   | Reached ***** piety under Kikubaaqudgha
 14610 | Lair:1   | Got an encrusted helmet
 14616 | Lair:1   | Found a dark tunnel.
 14633 | Volcano  | Entered a volcano
 14862 | Volcano  | Identified the +1 helmet of Septaori {rF+ Dex-5 Slay+5
                  | Stlth-} (You found it on level 1 of the Lair of Beasts)
 15045 | Volcano  | Gained mutation: You are frail. (-10% HP) [potion of
                  | mutation]
 15045 | Volcano  | Gained mutation: You have a pair of small antennae on your
                  | head. [potion of mutation]
 15170 | Lair:1   | Reached skill level 13 in Necromancy
 15503 | Lair:2   | Noticed a six-headed hydra
 15525 | Lair:2   | Killed a six-headed hydra
 16085 | Lair:2   | Learned a level 6 spell: Simulacrum
 16353 | Lair:2   | Reached skill level 1 in Ice Magic
 17051 | Lair:2   | Reached skill level 5 in Ice Magic
 17642 | Lair:2   | Reached skill level 1 in Shields
 17805 | Lair:3   | Paralysed by a floating eye for 3 turns
 17810 | Lair:3   | Paralysed by a floating eye for 3 turns
 17816 | Lair:3   | Paralysed by a floating eye for 3 turns
 17868 | Lair:3   | Gained mutation: You are immune to rotting. [demonic
                  | ancestry]
 17868 | Lair:3   | Reached XP level 13. HP: 74/88 MP: 18/25
 18641 | Lair:3   | Got a twisted ring mail
 18667 | Lair:3   | Identified the +5 ring mail of Kupsin {rElec rN+ Int+3
                  | Dex+4} (You found it on level 3 of the Lair of Beasts)
 18955 | Lair:4   | Reached skill level 1 in Armour
 18977 | Lair:4   | Noticed Rupert
 18997 | Lair:4   | Mangled by Rupert

Levels and vault maps discovered:
D:1:      dpeg_arrival_concentric_ovals, layout_basic, minmay_misc_feat_roman,
          minmay_cut_off
D:2:      layout_basic
D:3:      layout_basic, grunt_temple_overflow_gold_and_silver,
          gammafunk_temple_overflow_claw, kennysheep_generic_room_14,
          uniq_grinder, uniq_jessica, uniq_robin, uniq_natasha
D:4:      black_bear_nest_1, layout_rooms, nicolae_overflow_crystal_walls,
          lemuel_doored_altar, minmay_temple_entry_metal_lava, first_ration,
          st_stairs_1, minivault_25
D:5:      layout_rooms, kennysheep_pointless_box
D:6:      layout_loops_ring, kennysheep_mini, old_standard_altar,
          gammafunk_ghost_hive
D:7:      layout_basic, marbit_many_paths, serial_shops, shop, grunt_ogre_cave
D:8:      layout_basic
D:9:      layout_basic, serial_bayou_crossing
D:10:     layout_long_grid, zombieorc1_lemuel, enter_trove_2, uniq_erica
D:11:     minmay_the_grid_octo_tiled_octocenter_mashed
          [minmay_the_grid_octo_odd_swirl, minmay_the_grid_octo_clover,
          minmay_the_grid_octo_toaster, minmay_the_grid_octo_vomiting_pacman,
          minmay_the_grid_octo_prize_single_spiral,
          minmay_the_grid_square_5x5_eight_small,
          minmay_the_grid_square_5x5_fancy_junction,
          minmay_the_grid_square_5x5_tie, minmay_the_grid_square_5x5_seven],
          layout_basic, grunt_decor_arrowhead
Temple:   minmay_temple_bridge_abc
Lair:1:   layout_hall_layers, enter_volcano_3, chequers_serial_rivers_small_a
Lair:2:   regret_index_wax_grids, layout_cave_pods,
          grunt_forest_stairs_clearing, serial_bayou_shore_b
Lair:3:   layout_cave_pods, nicolae_spider_entry_tight_spaces, disabler_island
Lair:4:   layout_regular_city, swamp_mist, kennysheep_basilisk_garden,
          serial_bayou_shore_b, serial_bayou_shore_b, uniq_nessos, uniq_rupert

Skill      XL: |  1  2  3  4  5  6  7  8  9 10 11 12 13 |
---------------+----------------------------------------+-----
Necromancy     | 5 6 7 8 9 10 11 12 13 | 13.2
Spellcasting   | 3 4 5 6 7 8 |  8.9
Fighting       | 1 3 4 5 6 7 |  7.7
Short Blades   | 1 2 4 5 6 7 |  7.0
Earth Magic    | 6 8 9 |  9.5
Ice Magic      | 5 6 |  6.2
Shields        | 1 2 |  2.4
Armour         | 1 |  1.1
Dodging        | |  1.7
Stealth        | |  1.7

Action                   |  1- 3 |  4- 6 |  7- 9 | 10-12 | 13-15 || total
-------------------------+-------+-------+-------+-------+-------++-------
Melee: Dagger            |    90 |    69 |   260 |   467 |    64 ||   950
       Scimitar          |       |       |       |       |    15 ||    15
Throw: Boomerang         |       |     5 |     9 |       |       ||    14
       Dart              |       |     5 |    14 |    69 |     7 ||    95
 Cast: Pain              |    25 |    28 |    14 |    26 |     2 ||    95
       Animate Skeleton  |    10 |     9 |     5 |     8 |       ||    32
       Vampiric Draining |       |    10 |    21 |    61 |     1 ||    93
       Animate Dead      |       |       |    11 |    31 |     3 ||    45
       Dispel Undead     |       |       |       |    17 |       ||    17
       Borgnjor's Vile C |       |       |       |    46 |     5 ||    51
       Corpse Rot        |       |       |       |     1 |       ||     1
Invok: Receive Corpses   |       |       |     2 |     3 |       ||     5
Evoke: Wand              |       |       |     2 |     9 |     3 ||    14
  Use: Scroll            |       |     3 |    10 |    13 |       ||    26
       Potion            |       |       |     4 |     6 |       ||    10
 Stab: Sleeping          |     7 |     2 |       |     6 |       ||    15
       Distracted        |       |       |       |     2 |     1 ||     3
  Eat: Chunk             |     4 |     5 |     9 |    23 |     2 ||    43
       Ration            |       |     1 |     2 |     9 |     1 ||    13
Armor: Robe              |    12 |    19 |    54 |       |       ||    85
       Ring mail         |       |       |    34 |    30 |    17 ||    81
       Leather armour    |       |       |       |   129 |       ||   129
Dodge: Dodged            |    74 |    38 |   139 |   255 |    13 ||   519
Block: Buckler           |       |       |       |     7 |    14 ||    21

Table legend:
 A = Non-vault XP
 B = Vault XP
 C = Vault XP percentage of total XP
 D = Non-vault monster count
 E = Vault monster count
 F = Vault count percentage of total count
                 A         B        C        D         E       F
            +---------+---------+-------+---------+---------+-------
      Total |   23942 |   17441 |  42.1 |     309 |     134 |  30.2
            +---------+---------+-------+---------+---------+-------
        D:1 |      37 |       5 |  11.9 |      21 |       2 |   8.7
        D:2 |      31 |       0 |   0.0 |      11 |       0 |   0.0
        D:3 |     164 |     342 |  67.6 |      29 |       9 |  23.7
        D:4 |     858 |     172 |  16.7 |      25 |       2 |   7.4
        D:5 |     407 |       0 |   0.0 |      15 |       0 |   0.0
        D:6 |    1053 |       0 |   0.0 |      30 |       0 |   0.0
        D:7 |     810 |     107 |  11.7 |      21 |       2 |   8.7
        D:8 |    2677 |       0 |   0.0 |      36 |       0 |   0.0
        D:9 |     874 |       0 |   0.0 |      12 |       0 |   0.0
       D:10 |    1643 |    2626 |  61.5 |      21 |      30 |  58.8
       D:11 |    1897 |    7461 |  79.7 |      25 |      31 |  55.4
     Lair:1 |    3828 |     262 |   6.4 |      16 |       2 |  11.1
     Lair:2 |    6830 |    5139 |  42.9 |      33 |      51 |  60.7
     Lair:3 |    1329 |    1131 |  46.0 |       3 |       4 |  57.1
     Lair:4 |    1504 |       0 |   0.0 |      11 |       0 |   0.0
    Volcano |       0 |     196 | 100.0 |       0 |       1 | 100.0
            +---------+---------+-------+---------+---------+-------
